 Dungeon Crawl Stone Soup version 0.31-a0-435-g2c6fae2916 (webtiles) character file.

Game seed: 8218699060203996732

8 Arzdou the Ruffian (level 2, 18/21 HPs)
             Began as a Demonspawn Shapeshifter on Aug 1, 2023.
             Quit the game on level 1 of the Dungeon.
             The game lasted 00:00:30 (163 turns).

Arzdou the Ruffian (Demonspawn Shapeshifter)         Turns: 163, Time: 00:00:31

Health: 18/21      AC:  2    Str: 15    XL:     2   Next: 0%
Magic:  2/2        EV: 12    Int:  9    God:
Gold:   10         SH:  0    Dex: 13    Spells: 1/1 levels left

rFire   . .          .
                       - Unarmed
rCold   . . .        (no shield)
rNeg    . . .        a - +0 animal skin
rPois   .            (helmet currently unavailable)
rElec   .            d - melded +2 cloak
rCorr   .            (gloves currently unavailable)
SInv    .            (boots currently unavailable)
Will    .....        (no amulet)
Stlth   +            (no ring)
HPRegen 0.23/turn    (no ring)
MPRegen 0.08/turn

%: no passive effects
@: beast-form
A: beast (slay +1), sturdy frame 1
a: Begin Untransformation


You were on level 1 of the Dungeon.
You were a hulking beast.
You visited 1 branch of the dungeon, and saw 1 of its levels.

You collected 10 gold pieces.

Inventory:

Armour
 a - a +0 animal skin (worn)
 d - a +2 cloak (melded)
Talismans
 c - a beast talisman (active)
Scrolls
 f - a scroll of enchant armour {unknown}
 g - a scroll of revelation {unknown}
Potions
 b - a potion of lignification
 e - a potion of berserk rage {unknown}


   Skills:
 + Level 1.3 Fighting
 + Level 2.0 Dodging
 + Level 2.8 Unarmed Combat
 + Level 2.8 Shapeshifting


You had one spell level left.
You didn't know any spells.
Your spell library was empty.

Dungeon Overview and Level Annotations

Branches:
Dungeon (1/15)

Altars:


Innate Abilities, Weirdness & Mutations

You are a hulking beast.
Your limbs bulge with bestial killing power. (Slay +1)
Your movements are slightly less encumbered by armour. (ER -2)


Message History

You kill the kobold!
Things that are here:
a +0 short sword; a kobold corpse
Things that are here:
a +1 dagger of electrocution; a giant cockroach corpse You see here a +2 cloak.
d - a +2 cloak You begin untransforming.
You continue untransforming. x3
Your transformation has ended.
You start putting on your armour.
You continue putting on your +2 cloak. x4
You finish putting on your +2 cloak.
Okay, then.
You begin transforming.
You continue transforming. x3
You turn into a hulking beast.
Your +2 cloak melds into your body.
Things that are here:
a +1 dagger of electrocution; a giant cockroach corpse
e - a sapphire potion
f - a scroll labelled ICUCA ARCHELI
g - a scroll labelled ADIMOG JEPE
Found a robe.
No target in view!
A hobgoblin and a goblin come into view.
The goblin moves out of view.
The hobgoblin hits you.
You hit the hobgoblin.
The hobgoblin is severely wounded.
The hobgoblin hits you.
You closely miss the hobgoblin.
The hobgoblin is severely wounded.
The hobgoblin misses you.
You closely miss the hobgoblin.
The hobgoblin is severely wounded.
The hobgoblin barely misses you.
You hit the hobgoblin.
You kill the hobgoblin!
Your Dodging skill increases to level 2!
You have reached level 2!
Your demonic ancestry asserts itself...
You feel less encumbered by your armour.
Are you sure you want to abandon this character and quit the game? (Confirm with "yes".)

.... ### ### #
...... # ...... #
...... #
#........### #
..........# #
.......[..#####.#
#.##........hg..#
#.#######.#####.#
#####.####.......#
........##.......#
......))##.......#
........##.......#
........##.......#
........##.......#
........##.......#


You could see a goblin.

Vanquished Creatures
  An endoplasm (D:1)
  2 giant cockroaches (D:1)
  A hobgoblin (D:1)
  A bat (D:1)
  3 kobolds (D:1)
8 creatures vanquished.

Notes
Turn   | Place    | Note
-------+----------+-------------------------------------------
     0 | D:1      | Arzdou the Demonspawn Shapeshifter began the quest for the
                  | Orb.
     0 | D:1      | Reached XP level 1. HP: 15/15 MP: 1/1
   163 | D:1      | Gained mutation: Your movements are slightly less
                  | encumbered by armour. (ER -2) [demonic ancestry]
   163 | D:1      | Reached XP level 2. HP: 18/21 MP: 2/2
   163 | D:1      | Quit the game

Illustrated notes

Levels and vault maps discovered:
D:1:      dpeg_arrival_erosion, layout_basic, minmay_misc_feat_chi

Skill      XL: |  1 |
---------------+----+-----
Dodging        | 2 |  2.0
Fighting       | |  1.3
Unarmed Combat | |  2.8
Shapeshifting  | |  2.8

Action                     || total
---------------------------++-------
  Melee: Unarmed           ||    24
         Punch             ||     1
 Armour: Animal skin       ||     4
  Dodge: Dodged            ||    13
         Form:             ||     1
         Beast             ||     1

Table legend: (Time is in decaauts)
 A = Elapsed time spent in this place.
 B = Non-inter-level travel time spent in this place.
 C = Inter-level travel time spent in this place.
 D = Time resting spent in this place.
 E = Time spent auto-exploring this place.
 F = Levels seen in this place.
 G = Mean time per level.
                   A        B        C        D        E       F      G
               +--------+--------+--------+--------+--------+-----+--------+
         Total |    161 |    161 |      0 |      0 |     99 |   1 |  161.0 |
       Dungeon |    161 |    161 |      0 |      0 |     99 |   1 |  161.0 |
               +--------+--------+--------+--------+--------+-----+--------+

Top non-repeatable levels by time:
     D:1: 161 daAuts
